Map: Automaton LE

Players

XOURCE - Winner!

  • Race: Zerg Zerg
  • League: Diamond
  • Spawn Location: 9:00

dinnyesbacsi

  • Race: Protoss Protoss
  • League: Platinum
  • Spawn Location: 3:00

VOD

Have the link to the VOD?

Description

Time

  • Played on: March 15, 2019, 7:35 p.m.
  • Length: 22:39
Show
View Real Time Build Order
Export as new Build Order

XOURCE Zerg - Winner!

Build Orders: Hatch First 

Get SALT Encoding   

  12  0:01  Drone  
  13  0:13  Overlord  
  13  0:18  Drone  
  14  0:31  Drone x2  
  14  0:35  Drone  
  17  0:54  Hatchery  
  16  0:58  Drone  
  16  1:01  Drone  
  18  1:12  Extractor  
  18  1:17  Spawning Pool  
  16  1:20  Drone  
  16  1:24  Drone  
  18  1:29  Drone  
  19  1:39  Drone  
  20  1:52  Hatchery  
  19  1:55  Drone  
  20  2:07  Queen  
  22  2:19  Drone x2  
  22  2:20  Drone  
  25  2:23  Overlord  
  25  2:32  Queen  
  27  2:37  Metabolic Boost  
  27  2:42  Drone  
  27  2:43  Drone  
  29  2:48  Drone x2  
  29  2:51  Drone  
  32  2:55  Drone  
  32  2:56  Drone  
  34  3:03  Queen  
  36  3:07  Drone  
  36  3:08  Drone  
  36  3:12  Overlord  
  38  3:20  Queen  
  38  3:22  Drone x2  
  42  3:34  Drone x2  
  42  3:39  Overlord  
  42  3:40  Drone x3  
  42  3:41  Drone x2  
  49  3:44  Zergling x2  
  50  3:53  Overlord x2  
  50  3:57  Extractor  
  50  3:58  Zergling x4  
  50  3:59  Zergling x6, Extractor  
  53  4:04  Lair  
  53  4:12  Overlord  
  53  4:15  Drone x3  
  53  4:16  Drone x2  
  53  4:17  Drone  
  59  4:25  Overlord  
  59  4:26  Overlord  
  59  4:35  Drone  
  60  4:44  Overlord  
  60  4:45  Drone x5  
  65  4:50  Hatchery  
  64  4:52  Spore Crawler  
  64  4:56  Spore Crawler  
  64  4:58  Spore Crawler  
  61  5:08  Drone  
  61  5:09  Drone  
  61  5:11  Drone  
  61  5:12  Overlord  
  61  5:13  Zergling x2  
  66  5:14  Zergling x6  
  68  5:21  Overseer  
  68  5:28  Evolution Chamber  
  68  5:32  Baneling Nest  
  66  5:36  Drone x10  
  66  5:37  Drone  
  66  5:41  Zergling x2  
  66  5:42  Zergling x6  
  81  5:54  Extractor  
  80  5:57  Zerg Missile Weapons Level 1, Extractor  
  80  6:02  Drone, Hydralisk Den  
  79  6:19  Overlord  
  79  6:20  Overlord  
  79  6:22  Drone x4  
  79  6:23  Drone x6  
  79  6:24  Centrifical Hooks  
  89  6:33  Muscular Augments, Extractor  
  89  6:39  Queen  
  90  7:08  Evolution Chamber  
  90  7:13  Hydralisk  
  90  7:14  Hydralisk x18  
  127  7:17  Zergling x2  
  128  7:45  Grooved Spines  
  128  7:51  Overlord  
  128  7:52  Zerg Melee Weapons Level 1, Overlord x6  
  127  8:02  Zerg Ground Armor Level 1  
  127  8:11  Drone x2  
  129  8:13  Infestation Pit  
  129  8:15  Hydralisk  
  129  8:16  Hydralisk x2  
  129  8:19  Overlord x2  
  135  8:20  Zergling x26  
  135  8:23  Baneling x17  
  147  8:33  Queen  
  149  8:36  Queen  
  151  8:44  Drone x10  
  151  8:47  Hydralisk  
  151  8:48  Hydralisk x2  
  167  8:50  Zergling x2  
  168  8:59  Hatchery  
  167  9:07  Hive  
  167  9:10  Overseer  
  167  9:11  Overseer  
  167  9:30  Hydralisk x15  
  197  9:50  Zergling x2  
  197  9:51  Zergling x2  
  199  9:54  Zerg Melee Weapons Level 2  
  199  10:13  Zergling x2  
  199  10:14  Zergling x16  
  182  10:41  Zergling x14  
  189  10:48  Hatchery  
  188  11:06  Zergling x12  
  188  11:08  Extractor  
  188  11:10  Baneling  
  188  11:11  Baneling x21, Extractor  
  193  11:17  Hatchery  
  191  11:29  Zergling x6  
  191  11:31  Overlord x2  
  191  11:32  Overlord x5  
  192  11:44  Zerg Ground Armor Level 2  
  192  11:49  Spire  
  192  11:50  Pathogen Glands  
  191  11:55  Drone x3  
  191  11:56  Drone x3  
  197  12:03  Zergling x2  
  197  12:04  Zergling x2  
  171  12:25  Zergling x2  
  171  12:26  Zergling x18  
  142  12:50  Zergling x18  
  148  12:53  Zerg Melee Weapons Level 3  
  148  13:01  Baneling x3  
  148  13:02  Baneling x15, Zergling x2  
  148  13:03  Zergling x6  
  152  13:09  Greater Spire  
  152  13:10  Corruptor, Hatchery  
  127  13:32  Zergling x30  
  128  13:41  Overlord  
  118  13:47  Zergling x6  
  121  13:57  Zergling x12  
  121  13:59  Baneling x4  
  121  14:00  Baneling x9  
  127  14:09  Zergling x12  
  134  14:10  Zergling x2  
  134  14:13  Zerg Ground Armor Level 3  
  132  14:30  Corruptor x8  
  132  14:31  Corruptor x2  
  105  14:52  Overlord x8  
  88  14:59  Zergling x22  
  97  15:18  Zergling x2  
  97  15:19  Zergling x18  
  106  15:30  Zergling x16  
  104  15:47  Hydralisk x6  
  116  15:54  Hatchery  
  115  16:05  Hatchery  
  114  16:38  Drone x10  
  124  16:40  Hydralisk x9  
  142  16:51  Extractor  
  142  16:53  Extractor  
  139  16:54  Brood Lord x8  
  139  17:00  Corruptor x12  
  179  17:06  Zerg Flyer Armor Level 1  
  179  17:11  Extractor  
  179  17:12  Extractor  
  179  17:15  Drone  
  178  17:31  Zergling x2  
  178  17:32  Zergling x24  
  178  17:34  Baneling x9  
  191  18:00  Hydralisk x4  
  194  18:22  Zergling x24  
  194  18:23  Zergling x8  
  158  18:34  Zergling x10  
  158  18:35  Zergling x10  
  152  18:56  Drone  
  152  18:57  Drone x2  
  152  18:58  Drone x2  
  157  19:04  Viper x3  
  166  19:15  Zergling x20  
  176  19:17  Adrenal Glands  
  176  19:34  Brood Lord x2  
  176  19:35  Brood Lord  
  176  19:36  Corruptor x3  
  185  19:58  Corruptor x5  
  192  20:16  Corruptor  
  192  20:17  Corruptor x3  
  200  20:38  Baneling  
  200  20:39  Baneling x24  
  154  21:29  Hatchery  
  154  21:30  Overlord x3  
  153  21:45  Brood Lord x3  
  157  21:51  Zergling x8  
  157  21:52  Zergling x22  
Show
View Real Time Build Order
Export as new Build Order

dinnyesbacsi Protoss 

Build Orders:  

Get SALT Encoding   

  12  0:00  Probe  
  13  0:12  Probe  
  14  0:24  Pylon, Probe  
  15  0:41  Probe  
  16  0:48  Gateway  
  16  0:49  Probe  
  17  0:57  Pylon, Probe  
  18  1:08  Probe  
  19  1:14  Assimilator  
  19  1:20  Probe  
  20  1:26  Gateway  
  20  1:31  Probe  
  21  1:36  Cybernetics Core  
  21  1:39  Probe  
  22  1:47  Probe  
  23  1:59  Probe  
  24  2:07  Assimilator  
  24  2:14  Stalker  
  26  2:19  Nexus  
  26  2:23  Probe  
  27  2:31  Stalker  
  27  2:36  Warp Gate  
  29  2:46  Pylon  
  29  3:06  Pylon  
  29  3:10  Sentry  
  29  3:11  Zealot  
  33  3:15  Forge  
  33  3:21  Assimilator  
  33  3:22  Probe  
  34  3:33  Probe  
  34  3:34  Probe  
  34  3:39  Protoss Ground Weapons Level 1  
  36  3:41  Probe  
  36  3:42  Probe  
  36  3:43  Zealot x2  
  42  3:50  Probe  
  42  3:51  Probe  
  44  4:00  Probe  
  44  4:03  Probe  
  46  4:13  Probe  
  46  4:15  Probe  
  48  4:25  Probe  
  48  4:27  Probe  
  50  4:37  Assimilator, Probe  
  51  4:39  Pylon, Probe  
  51  4:43  Zealot  
  51  4:44  Zealot  
  56  4:49  Probe  
  57  5:03  Twilight Council  
  57  5:08  Pylon, Probe  
  57  5:10  Probe  
  57  5:12  Pylon  
  57  5:13  Zealot x2  
  63  5:20  Probe  
  64  5:22  Protoss Shields Level 1, Probe  
  64  5:26  Robotics Facility  
  65  5:30  Stargate  
  65  5:35  Probe x2  
  67  5:37  Protoss Air Weapons Level 1  
  67  5:39  Charge  
  67  5:41  Zealot x2  
  71  6:03  Nexus  
  71  6:05  Pylon  
  71  6:09  Pylon  
  71  6:12  Probe x2  
  71  6:14  Pylon  
  73  6:21  Photon Cannon  
  73  6:26  Pylon  
  73  6:30  Pylon  
  73  6:38  Robotics Bay  
  73  6:41  Robotics Facility  
  73  6:55  Protoss Ground Weapons Level 2  
  73  6:57  Assimilator  
  73  7:03  Assimilator  
  73  7:05  Gateway  
  73  7:07  Probe x2  
  73  7:08  Gateway  
  75  7:10  Photon Cannon, Gateway  
  75  7:13  Zealot  
  75  7:14  Shield Battery, Zealot  
  75  7:15  Gateway  
  79  7:19  Pylon, Probe  
  79  7:20  Templar Archives  
  80  7:23  Colossus  
  80  7:25  Colossus  
  92  7:42  Void Ray  
  96  7:55  Probe  
  96  7:56  Extended Thermal Lance  
  96  8:00  Probe x2  
  96  8:03  Probe  
  99  8:10  Colossus  
  100  8:13  Probe  
  100  8:15  Observer  
  108  8:23  Probe  
  108  8:25  High Templar  
  108  8:26  High Templar  
  113  8:31  Probe  
  113  8:34  Archon  
  113  8:37  Observer  
  113  8:39  Probe  
  115  8:45  Void Ray  
  120  8:49  Fleet Beacon  
  120  8:51  Probe  
  120  8:54  Zealot x2  
  120  8:55  Zealot x2  
  129  8:59  High Templar x2  
  133  9:06  Archon  
  133  9:11  Protoss Shields Level 2  
  133  9:16  Colossus  
  139  9:44  High Templar x2  
  139  9:45  High Templar  
  145  9:48  Zealot x2  
  149  10:13  Colossus x2  
  75  10:28  Zealot x3  
  91  10:29  Zealot x2  
  91  10:30  Zealot  
  99  10:37  Pylon  
  99  10:40  Photon Cannon  
  99  10:42  Photon Cannon  
  99  10:43  Archon  
  99  10:51  Zealot  
  99  10:52  Zealot x2  
  99  10:53  Zealot x2  
  99  10:56  High Templar  
  111  10:57  Colossus  
  111  11:01  Archon  
  117  11:12  Gateway  
  117  11:14  Gateway  
  117  11:17  Colossus  
  117  11:19  Pylon  
  117  11:21  Photon Cannon  
  117  11:25  Shield Battery  
  117  11:27  Protoss Shields Level 3  
  117  11:29  Carrier  
  129  11:50  Colossus  
  129  11:51  Nexus, Zealot  
  129  11:52  Zealot x2  
  129  11:53  Pylon, Zealot x3  
  147  11:55  Pylon  
  147  11:59  Assimilator  
  147  12:05  Assimilator  
  116  12:25  Zealot x2  
  116  12:26  Zealot x4  
  116  12:27  Zealot  
  112  12:58  Colossus x2  
  112  13:02  Zealot x3  
  112  13:03  Zealot x2  
  112  13:04  Zealot x2  
  112  13:05  Zealot  
  140  13:23  Nexus  
  140  13:25  Pylon  
  134  13:28  Pylon  
  120  13:50  Zealot x3  
  120  13:51  Zealot x3  
  120  13:52  Zealot x2  
  120  13:53  Colossus x2  
  120  13:55  Protoss Ground Weapons Level 3  
  136  14:09  Carrier  
  154  14:22  High Templar  
  154  14:23  High Templar x2  
  154  14:24  High Templar x3  
  152  14:47  Colossus x2  
  156  14:57  High Templar x3  
  156  14:58  High Templar  
  162  15:01  Zealot x2  
  162  15:02  Zealot x2  
  162  15:04  Archon  
  162  15:06  Archon  
  170  15:14  Carrier  
  152  15:24  Stalker x4  
  140  15:38  Stalker x4  
  148  15:47  Assimilator  
  148  15:50  Gateway  
  148  15:53  Gateway  
  148  15:55  Gateway  
  148  15:56  Probe  
  148  15:59  Photon Cannon  
  149  16:04  Photon Cannon  
  149  16:05  Probe  
  150  16:13  Stalker x4  
  150  16:14  Stalker x2, Probe  
  150  16:18  Void Ray  
  167  16:22  Protoss Ground Armor Level 1  
  167  16:23  Colossus  
  173  16:36  Protoss Air Weapons Level 2  
  173  16:38  Nexus  
  173  16:41  Pylon  
  173  16:57  Observer  
  174  17:10  Stargate  
  174  17:12  Stargate  
  174  17:15  Gateway  
  174  17:18  Gateway  
  174  17:21  Pylon, Assimilator, Photon Cannon  
  174  17:24  Assimilator  
  174  17:26  Shield Battery  
  174  17:27  Pylon  
  174  17:38  Colossus  
  174  17:44  Stalker  
  182  17:47  High Templar x2  
  182  17:48  High Templar  
  188  17:51  Probe  
  188  17:53  Archon  
  189  17:59  Probe  
  190  18:09  Probe  
  169  18:30  Stalker x3  
  169  18:31  Stalker x5  
  169  18:32  Stalker  
  163  18:35  Protoss Air Armor Level 1  
  133  18:51  Phoenix x3  
  139  19:06  Stalker x2  
  139  19:07  Stalker x4  
  139  19:08  Phoenix x2  
  139  19:09  Phoenix  
  157  19:21  Zealot x3  
  157  19:22  Zealot x2  
  167  19:31  Phoenix  
  167  19:32  Pylon  
  167  19:35  Photon Cannon  
  169  19:38  Photon Cannon  
  169  19:45  Photon Cannon  
  163  20:09  Mothership  
  163  20:10  Phoenix  
  163  20:11  Phoenix x2  
  177  20:26  Photon Cannon  
  177  20:29  Zealot  
  177  20:30  Zealot x2  
  183  20:35  Phoenix x2  
  183  20:36  Colossus, Phoenix  
  133  21:29  Stalker x4  
  133  21:30  Stalker x4  
  125  21:46  Stalker x4  
  125  21:47  Stalker  
  131  22:03  Photon Cannon  
  131  22:04  Photon Cannon  
  131  22:05  Photon Cannon  
  127  22:11  Stalker x4  
  127  22:12  Stalker x2  
Tags
 
Add a new tag
Caveats
  • Supply blocks, unpowered buildings, or Contaminate may cause inaccurate times.
  • Supply counts are checked every 10 seconds.